 Dungeon Crawl Stone Soup version 0.14-a0-2723-gdc5d926 (webtiles) character file.

13045 4tharraofdagon the Cleaver (level 11, -6/103 HPs)
             Began as a Djinni Fire Elementalist on Feb 19, 2014.
             Was the Champion of Makhleb.
             Mangled by an eight-headed hydra (11 damage)
             ... on Level 4 of the Lair of Beasts.
             The game lasted 00:46:00 (6808 turns).

4tharraofdagon the Cleaver (DjFE)                   Turns: 6808, Time: 00:46:01

HP  -6/103       AC  9     Str 11      XL: 11   Next: 65%
MP   0/0         EV 11     Int 16      God: Makhleb [******]
Gold 355         SH  0     Dex 14      Spells:  5 memorised,  4 levels left

rFire  + + +     SeeInvis +     g - +1,+3 dwarf hand axe
rCold  x . .     Clarity  .     N - +1 troll leather armour
rNeg   + + +     Conserve .     (no shield)
rPois  .         rCorr    .     j - +2 hat
rElec  .         rRot     .     (no cloak)
SustAb . .       Spirit   .     M - +0 pair of elf gloves
rMut   .         Warding  .     (boots unavailable)
Saprov . . .     Stasis   .     (no amulet)
MR     .....                    (no ring)
                                v - ring of see invisible {unknown}

@: flying, very slightly contaminated, not resistant to hostile enchantments,
fairly stealthy
A: fire immunity, cold vulnerability, life protection 3
a: Minor Destruction, Lesser Servant of Makhleb, Major Destruction, Greater
Servant of Makhleb, Renounce Religion


You were on level 4 of the Lair of Beasts.
You worshipped Makhleb.
Makhleb was exalted by your worship.
You were not hungry.

You visited 2 branches of the dungeon, and saw 15 of its levels.

You collected 355 gold pieces.

Inventory:

Hand weapons
 g - a +1,+3 dwarven hand axe (weapon)
 A - a -1,+1 orcish flail of distortion
 B - a -1,+0 glaive
 I - a -1,+0 orcish war axe
Missiles
 m - 11 darts
 n - 8 tomahawks (quivered)
 s - 3 curare-tipped needles
Armour
 j - a +2 hat (worn)
 C - a +0 hat
 F - the +1 plate armour of the Game of Kings {Str+2 Dam+4 Curse}
   (You found it on level 9 of the Dungeon)

   It affects your strength (+2).
   It affects your damage with ranged weapons and melee attacks (+4).
   It may recurse itself when equipped.
 M - a +0 pair of elven gloves (worn)
 N - a +1 troll leather armour (worn)
Magical devices
 a - a wand of polymorph (1)
 d - a wand of cold (4)
 t - a wand of disintegration (16)
 y - a wand of fireball (0)
 E - a wand of draining (2)
 O - a wand of cold (9)
Scrolls
 c - 2 scrolls of fog {unknown}
 e - 3 scrolls of recharging {unknown}
 i - 5 scrolls of remove curse
 k - 2 scrolls of magic mapping {unknown}
 l - 2 scrolls of enchant weapon I {unknown}
 u - 2 scrolls of teleportation {unknown}
 w - 2 scrolls of immolation {unknown}
 z - a scroll of random uselessness
 J - a scroll of enchant weapon II {unknown}
 P - 2 scrolls of noise {unknown}
Jewellery
 v - a ring of see invisible (left hand) {unknown}
 D - an uncursed amulet of faith
 Q - an uncursed amulet of stasis
Potions
 h - a potion of flight {unknown}
 o - a potion of mutation {unknown}
 p - 2 potions of lignification
 q - a potion of berserk rage {unknown}
 r - a potion of restore abilities
 x - 2 potions of curing
 G - a potion of heal wounds
 L - a potion of might {unknown}
 S - a potion of magic {unknown}
Books
 b - a book of Flames

   Spells                             Type                      Level
   *Flame Tongue                      Conjuration/Fire             1
   Throw Flame                        Conjuration/Fire             2
   *Conjure Flame                     Conjuration/Fire             3
   Inner Flame                        Hexes/Fire                   3
   *Sticky Flame                      Conjuration/Fire             4
   *Fireball                          Conjuration/Fire             5
 H - a book of Hinderance

   Spells                             Type                      Level
   Confusing Touch                    Hexes                        1
   Slow                               Hexes                        2
   Confuse                            Hexes                        3
   Petrify                            Transmutation/Earth          4
   Leda's Liquefaction                Hexes/Earth                  4
   Metabolic Englaciation             Hexes/Ice                    5
 R - a book of the Dragon

   Spells                             Type                      Level
   Flight                             Charms/Air                   3
   Cause Fear                         Hexes                        4
   Bolt of Fire                       Conjuration/Fire             6
   Dragon Form                        Transmutation                7
   Summon Dragon                      Summoning                    9
 T - a book of the Tempests

   Spells                             Type                      Level
   Static Discharge                   Conjuration/Air              3
   *Lightning Bolt                    Conjuration/Air              5
   *Fireball                          Conjuration/Fire             5
   Tornado                            Air                          9
   Shatter                            Earth                        9
Magical staves
 f - an uncursed staff of summoning
Miscellaneous
 K - a sack of spiders


   Skills:
 + Level 8.9 Fighting
 * Level 9.9 Axes
 + Level 8.0 Armour
 - Level 1.7 Dodging
 - Level 1.5 Stealth
 + Level 6.1 Spellcasting
 - Level 4.7 Conjurations
 - Level 6.8 Fire Magic
 * Level 1.3 Air Magic
 - Level 3.0 Invocations
 + Level 3.9 Evocations


You had 4 spell levels left.
You knew the following spells:

 Your Spells              Type           Power        Failure   Level  Hunger
a - Flame Tongue          Conj/Fire      ###..        1%          1    None
b - Conjure Flame         Conj/Fire      ###.....     4%          3    ###....
c - Sticky Flame          Conj/Fire      ###.....     14%         4    ####...
d - Fireball              Conj/Fire      ###.......   38%         5    #####..
e - Lightning Bolt        Conj/Air       ##........   91%         5    #####..


Dungeon Overview and Level Annotations

Branches:
Dungeon (10/16)            Temple (0/1) D:5             Orc (0/4) D:9
   Lair (5/8) D:10
  Swamp: Lair:3-6    Shoals: Lair:3-6     Snake: Lair:3-6    Spider: Lair:3-6

Altars:
Elyvilon
Fedhas
Makhleb
Okawaru
Sif Muna
Xom
Yredelemnul

Shops:
D:6 [

Annotations:
D:8 exclusion: ice statue
D:9 GORC


Innate Abilities, Weirdness & Mutations

You are immune to all types of fire, even holy and hellish.
You are vulnerable to cold.
You need no food.
You have no legs.
You are immune to negative energy.


Message History

The eight-headed hydra burns!
The eight-headed hydra burns!
The eight-headed hydra stops burning.
Casting: Sticky Flame
Confirm with . or Enter, or press ? or * to list all spells.
Aiming: Sticky Flame
Press: ? - help, Shift-Dir - straight line, f/p - eight-headed hydra
Aim: an eight-headed hydra (almost dead)
The sticky flame hits the eight-headed hydra.
The eight-headed hydra is almost dead.
The eight-headed hydra is covered in liquid flames!
The eight-headed hydra burns!
The eight-headed hydra bites you. The eight-headed hydra bites you!
* * * LOW HITPOINT WARNING * * *
The eight-headed hydra bites you!
* * * LOW HITPOINT WARNING * * *
The eight-headed hydra bites you but does no damage.
The eight-headed hydra bites you!
* * * LOW HITPOINT WARNING * * *
The eight-headed hydra bites you!
You die...

## ### ########.## ### ####### #.
f###.###..#..###.###.###.f...###.
....................<............
............(.....(%.............
.................................
.................................
.................................
.................................
./.......ยงยง....D@................
.................................
.................................
...######..#.#..f###P#..##..##...
...# #.#####.## ###########.## ...#
### ### ### .... ...# ....


You could see an eight-headed hydra (burning).

Vanquished Creatures
  The ghost of Garrluk the Carver, an experienced FoFi of the Shining One (D:9)
  A black mamba (Lair:5)
  5 elephants (Lair:3)
  2 octopodes (D:10)
  3 spiny frogs
  Grinder (D:3)
  A polar bear (Lair:5)
  2 trolls
  A basilisk (Lair:3)
  6 hippogriffs
  9 yaks
  A hungry ghost (D:9)
  Eustachio (D:7)
  An elephant slug (Lair:4)
  A shark (D:10)
  Grum (D:8)
  A wyvern (D:10)
  8 wolves
  3 orc warriors
  A sky beast (D:5)
  2 ice beasts
  A yellow wasp (D:8)
  A manticore skeleton (D:9)
  4 ogres
  A centaur (D:9)
  2 crocodiles
  A big kobold (D:10)
  2 water moccasins
  5 giant frogs
  A giant slug (Lair:2)
  An agate snail (Lair:2)
  8 wights (D:9)
  2 electric eels (D:10)
  2 goliath beetles (D:10)
  3 crimson imps
  2 giant frog zombies
  9 hounds
  A jelly (D:9)
  A giant frog skeleton (D:10)
  4 orc priests
  7 orc wizards
  5 scorpions
  3 worker ants
  5 iguanas
  Ijyb (D:4)
  2 gnolls
  4 adders
  8 green rats (Lair:2)
  An orc zombie (D:7)
  2 giant eyeballs (D:9)
  44 orcs
  12 bats
  A bat skeleton (D:5)
  A bat zombie (D:7)
  10 hobgoblins
  31 jackals
  10 kobolds
  6 quokkas
  2 ball pythons
  A giant cockroach (D:2)
  7 giant geckos
  5 giant newts
  10 goblins
  A kobold skeleton (D:4)
  An orc skeleton (D:4)
  16 rats
299 creatures vanquished.

Vanquished Creatures (collateral kills)
  A hound (D:10)
1 creature vanquished.

Grand Total: 300 creatures vanquished

Notes
Turn   | Place    | Note
--------------------------------------------------------------
     0 | D:1      | 4tharraofdagon, the Djinni Fire Elementalist, began the quest for the Orb.
     0 | D:1      | Reached XP level 1. HP: 14/14 MP: 0/0
   122 | D:2      | Reached XP level 2. EP: 10/23
   245 | D:2      | Found a white marble altar of Elyvilon.
   429 | D:2      | Reached skill level 1 in Fighting
   429 | D:2      | Reached XP level 3. EP: 26/29
   434 | D:2      | Learned a level 3 spell: Conjure Flame
   581 | D:3      | Noticed Grinder
   690 | D:3      | Paralysed by something for 2 turns
   741 | D:4      | Noticed an ogre
   764 | D:4      | HP: 1/29 [ogre/giant club (7)]
   776 | D:4      | Noticed Ijyb
   847 | D:4      | Killed an ogre
   847 | D:4      | Reached skill level 1 in Axes
   847 | D:4      | Reached skill level 1 in Armour
   847 | D:4      | Reached XP level 4. EP: 12/37
   853 | D:4      | Learned a level 4 spell: Sticky Flame
   884 | D:4      | Killed Ijyb
   884 | D:4      | Reached skill level 5 in Fire Magic
   884 | D:4      | Reached XP level 5. EP: 11/43
   992 | D:3      | Killed Grinder
   992 | D:3      | Reached XP level 6. EP: 20/53
  1232 | D:4      | Found a burning altar of Makhleb.
  1232 | D:4      | Noticed a balrug
  1235 | D:4      | Noticed a ynoxinul
  1235 | D:4      | Noticed an orange demon
  1237 | D:4      | Became a worshipper of Makhleb the Destroyer
  1412 | D:4      | Noticed an ogre
  1435 | D:4      | Killed an ogre
  1435 | D:4      | Reached skill level 6 in Fire Magic
  1443 | D:5      | Entered Level 5 of the Dungeon
  1473 | D:4      | Found an iron altar of Okawaru.
  1546 | D:4      | Reached XP level 7. EP: 25/60
  1815 | D:5      | Acquired Makhleb's first power
  1829 | D:5      | Reached XP level 8. EP: 39/69
  1886 | D:5      | Found a staircase to the Ecumenical Temple.
  2027 | D:6      | Found Syedyefy's Armour Emporium.
  2408 | D:5      | Acquired Makhleb's second power
  2597 | D:7      | Noticed Eustachio
  2607 | D:7      | Killed Eustachio
  2904 | D:8      | Acquired Makhleb's third power
  2925 | D:8      | Noticed an ice statue
  3010 | D:8      | Found a blossoming altar of Fedhas.
  3020 | D:8      | Reached skill level 5 in Axes
  3024 | D:8      | Reached skill level 5 in Fighting
  3053 | D:8      | Noticed Grum
  3063 | D:8      | Reached XP level 9. EP: 42/81
  3068 | D:8      | Reached skill level 1 in Invocations
  3298 | D:8      | Killed Grum
  3300 | D:8      | Paralysed by a yellow wasp for 1 turns
  3518 | D:8      | Learned a level 5 spell: Fireball
  3527 | D:8      | Reached skill level 5 in Spellcasting
  3738 | D:9      | HP: 1/83 [manticore skeleton (8)]
  4027 | D:9      | Paralysed by a giant eyeball for 3 turns
  4107 | D:9      | Reached skill level 5 in Armour
  4121 | D:9      | Acquired Makhleb's fourth power
  4210 | D:9      | Paralysed by a giant eyeball for 3 turns
  4333 | D:9      | Got a heavily runed plate armour
  4376 | D:9      | Identified the +1 plate armour of the Game of Kings {Str+2 Dam+4 Curse} (You found it on level 9 of the Dungeon)
  4400 | D:9      | Found a shimmering altar of Xom.
  4462 | D:9      | Found a basalt altar of Yredelemnul.
  4509 | D:9      | Noticed Garrluk's ghost (experienced FoFi)
  4540 | D:9      | Killed Garrluk's ghost
  4540 | D:9      | Reached XP level 10. EP: 86/92
  4582 | D:8      | Found a deep blue altar of Sif Muna.
  4609 | D:9      | Found a staircase to the Orcish Mines.
  4748 | D:9      | Found a shimmering altar of Xom.
  4749 | D:9      | Found a shimmering altar of Xom.
  4751 | D:9      | Found a shimmering altar of Xom.
  4751 | D:9      | Found a shimmering altar of Xom.
  4769 | D:10     | Entered Level 10 of the Dungeon
  4946 | D:10     | Reached skill level 7 in Fighting
  5005 | D:10     | Acquired Makhleb's fifth power
  5575 | D:10     | Found a staircase to the Lair.
  5576 | D:10     | Noticed an octopode
  5601 | D:10     | Killed an octopode
  5601 | D:10     | Reached skill level 8 in Axes
  5764 | D:10     | Noticed an octopode
  5776 | D:10     | Killed an octopode
  5792 | Lair:1   | Entered Level 1 of the Lair of Beasts
  5797 | Lair:1   | Noticed an eight-headed hydra
  5868 | Lair:2   | Reached XP level 11. EP: 87/102
  6202 | Lair:3   | Reached skill level 1 in Evocations
  6252 | Lair:3   | Reached skill level 9 in Axes
  6668 | Lair:5   | Noticed an eight-headed hydra
  6724 | Lair:4   | Learned a level 5 spell: Lightning Bolt
  6763 | Lair:4   | Reached skill level 1 in Air Magic
  6788 | Lair:4   | Noticed an eight-headed hydra
  6808 | Lair:4   | HP: 5/103 [eight-headed hydra (8)]
  6808 | Lair:4   | Mangled by an eight-headed hydra

Action                   |  1- 3 |  4- 6 |  7- 9 | 10-12 || total
-------------------------+-------+-------+-------+-------++-------
Melee: Hand axe          |    16 |    35 |   329 |   338 ||   718
       Glaive            |       |       |     9 |     7 ||    16
       War axe           |       |       |       |     3 ||     3
 Cast: Flame Tongue      |    51 |    12 |    39 |    17 ||   119
       Conjure Flame     |     3 |     1 |     9 |    26 ||    39
       Sticky Flame      |       |     5 |    33 |    37 ||    75
Evoke: Wand              |       |       |     6 |     8 ||    14
  Use: Potion            |     2 |       |     3 |     2 ||     7
       Scroll            |       |       |     6 |     6 ||    12
 Stab: Sleeping          |       |     1 |     1 |       ||     2
